| TOP OF THE 1ST |
|
Everett AquaSox batting - Pitching for Aberdeen Ironbirds : RHP Fabiano Ceriani
|
|
Pitching: RHP Fabiano Ceriani
|
|
|
Batting: RHB Heihachiro Fujita
|
0-0: Ball 1-0: Foul Ball, location: 2F 1-1: Foul Ball, location: 2F 1-2: Strikes out swinging
|
|
Batting: RHB Eddie Luna
|
0-0: Ball 1-0: Ground out 5-3 (Groundball, 25, EV 87.5 MPH)
|
|
Batting: RHB Marco Diaz
|
0-0: SINGLE (Groundball, 34D, EV 96.9 MPH)
|
|
Batting: RHB Matt Fenimore
|
0-0: Foul Ball, location: 2F 0-1: Ball 1-1: Swinging Strike 1-2: Ball 2-2: Strikes out looking
|
| Top of the 1st over - 0 runs, 1 hit, 0 errors, 1 left on base; Everett 0 - Aberdeen 0 |
| BOTTOM OF THE 1ST |
|
Aberdeen Ironbirds batting - Pitching for Everett AquaSox : LHP Ramiro Aguilar
|
|
Pitching: LHP Ramiro Aguilar
|
|
|
Batting: RHB Kevin Popowicz
|
0-0: Ground out 5-3 (Groundball, 5L, EV 81.9 MPH)
|
|
Batting: RHB Maup Gommers
|
0-0: Ball 1-0: SINGLE (Groundball, 4D, EV 106.9 MPH)
|
|
Batting: RHB Jonathan Mendoza
|
0-0: Grounds into double play, 5-4-3 (Groundball, 56, EV 91.9 MPH)
|
| Bottom of the 1st over - 0 runs, 1 hit, 0 errors, 0 left on base; Everett 0 - Aberdeen 0 |
| TOP OF THE 2ND |
|
Everett AquaSox batting - Pitching for Aberdeen Ironbirds : RHP Fabiano Ceriani
|
|
Batting: RHB Tai Joo
|
0-0: Swinging Strike 0-1: Ball 1-1: Foul Ball, location: 2F 1-2: Ball 2-2: Strikes out swinging
|
|
Batting: SHB Tony Morales
|
0-0: Ball 1-0: Ground out 6-3 (Groundball, 6, EV 79.4 MPH)
|
|
Batting: LHB Ryan Daniels
|
0-0: Ball 1-0: Ball 2-0: Called Strike 2-1: Swinging Strike 2-2: Ball 3-2: Foul Ball, location: 2F 3-2: Foul Ball, location: 2F 3-2: DOUBLE (Line Drive, 9LM, EV 107.5 MPH)
|
|
Batting: RHB Jwahir Pili
|
0-0: Ball 1-0: SINGLE (Groundball, 56D, EV 95.0 MPH) Ryan Daniels to third Runner from 3rd tries for Home, SAFE, throw by LF to home Jwahir Pili to second
|
|
Batting: RHB James Bickel
|
0-0: Ball 1-0: Called Strike 1-1: Ball 2-1: Swinging Strike 2-2: Strikes out swinging
|
| Top of the 2nd over - 1 run, 2 hits, 0 errors, 1 left on base; Everett 1 - Aberdeen 0 |
| BOTTOM OF THE 2ND |
|
Aberdeen Ironbirds batting - Pitching for Everett AquaSox : LHP Ramiro Aguilar
|
|
Batting: RHB Alfredo Reguera
|
0-0: Ball 1-0: Ball 2-0: Ball 3-0: Called Strike 3-1: Foul Ball, location: 2F 3-2: Base on Balls
|
|
Batting: LHB Sam Williams
|
0-0: Ball Alfredo Reguera steals 2nd base 1-0: Ball 2-0: Ball 3-0: Base on Balls
|
|
Batting: LHB Vinny Rivera
|
0-0: Ball 1-0: Foul Ball, location: 2F 1-1: Ball Alfredo Reguera steals 3rd base 2-1: Grounds into double play, 6-4-3 (Groundball, 6, EV 104.4 MPH) Alfredo Reguera scores
|
|
Batting: RHB Fernando Bravo
|
0-0: Ball 1-0: Ball 2-0: Ball 3-0: Base on Balls
|
|
Batting: SHB Carlos Carrillo
|
0-0: Ball 1-0: Ball 2-0: Ball 3-0: Called Strike 3-1: Foul Ball, location: 2F 3-2: DOUBLE (Flyball, 8RXD, EV 95.6 MPH) Fernando Bravo to third Fernando Bravo scores
|
|
Batting: RHB Matt Berrier
|
0-0: Called Strike 0-1: SINGLE (Groundball, 56, EV 103.1 MPH) Carlos Carrillo to third Runner from 3rd tries for Home, SAFE, throw by LF to home Matt Berrier to second
|
|
Batting: RHB Kevin Popowicz
|
0-0: Foul Ball, location: 2F 0-1: Foul Ball, location: 2F 0-2: Fly out, F7 (Flyball, 78D, EV 79.4 MPH)
|
| Bottom of the 2nd over - 3 runs, 2 hits, 0 errors, 1 left on base; Everett 1 - Aberdeen 3 |
| TOP OF THE 3RD |
|
Everett AquaSox batting - Pitching for Aberdeen Ironbirds : RHP Fabiano Ceriani
|
|
Batting: RHB Heihachiro Fujita
|
0-0: Ball 1-0: Ball 2-0: Ball 3-0: Called Strike 3-1: Called Strike 3-2: Foul Ball, location: 2F 3-2: SINGLE (Groundball, 5D, EV 98.8 MPH)
|
|
Batting: RHB Eddie Luna
|
0-0: Ball Heihachiro Fujita steals 2nd base 1-0: Foul Ball, location: 2F 1-1: Fly out, F8 (Flyball, 8RD, EV 90.0 MPH) Runner from 2nd tags up, SAFE at 3rd with throw by CF
|
|
Batting: RHB Marco Diaz
|
0-0: Called Strike 0-1: Foul Ball, location: 2F 0-2: Ball 1-2: Ball 2-2: Strikes out swinging
|
|
Batting: RHB Matt Fenimore
|
0-0: Ground out 4-3 (Groundball, 4, EV 88.8 MPH)
|
| Top of the 3rd over - 0 runs, 1 hit, 0 errors, 1 left on base; Everett 1 - Aberdeen 3 |
| BOTTOM OF THE 3RD |
|
Aberdeen Ironbirds batting - Pitching for Everett AquaSox : LHP Ramiro Aguilar
|
|
Batting: RHB Maup Gommers
|
0-0: Called Strike 0-1: TRIPLE (Flyball, 78XD, EV 108.8 MPH)
|
|
Batting: RHB Jonathan Mendoza
|
0-0: Ball 1-0: Ball 2-0: SINGLE (Groundball, 6, EV 99.4 MPH) Maup Gommers scores
|
|
Batting: RHB Alfredo Reguera
|
0-0: Called Strike 0-1: Ball 1-1: Ball 2-1: Ball Balk! Jonathan Mendoza to second 3-1: Base on Balls
|
|
Batting: LHB Sam Williams
|
0-0: Ball 1-0: Foul Ball, location: 2F 1-1: Fielders Choice at 2nd, 4-6 (Groundball, 4D, EV 102.5 MPH) Jonathan Mendoza to third
|
|
Batting: LHB Vinny Rivera
|
0-0: Ball 1-0: Ball 2-0: Called Strike 2-1: Fielders Choice at 2nd, 4-6 (Groundball, 4M, EV 102.5 MPH) Jonathan Mendoza scores
|
|
Pitching: RHP Aaron Black
|
|
|
Batting: RHB Fernando Bravo
|
0-0: Ball Vinny Rivera steals 2nd base 1-0: Called Strike 1-1: Foul Ball, location: 2F 1-2: Ball 2-2: Ball 3-2: Ground out 5-3 (Groundball, 56S, EV 92.5 MPH)
|
| Bottom of the 3rd over - 2 runs, 2 hits, 0 errors, 1 left on base; Everett 1 - Aberdeen 5 |
| TOP OF THE 4TH |
|
Everett AquaSox batting - Pitching for Aberdeen Ironbirds : RHP Fabiano Ceriani
|
|
Batting: RHB Tai Joo
|
0-0: Ball 1-0: Called Strike 1-1: Ground out 6-3 (Groundball, 6, EV 97.5 MPH)
|
|
Batting: SHB Tony Morales
|
0-0: SOLO HOME RUN (Flyball, 9LD, EV 95.6 MPH), Distance : 338 ft
|
|
Batting: LHB Ryan Daniels
|
0-0: Foul Ball, location: 2F 0-1: Ball 1-1: Called Strike 1-2: Ball 2-2: Foul Ball, location: 2F 2-2: Strikes out swinging
|
|
Batting: RHB Jwahir Pili
|
0-0: Called Strike 0-1: Ball 1-1: Ball 2-1: Foul Ball, location: 2F 2-2: Ground out 4-3 (Groundball, 4M, EV 99.4 MPH)
|
| Top of the 4th over - 1 run, 1 hit, 0 errors, 0 left on base; Everett 2 - Aberdeen 5 |
| BOTTOM OF THE 4TH |
|
Aberdeen Ironbirds batting - Pitching for Everett AquaSox : RHP Aaron Black
|
|
Batting: SHB Carlos Carrillo
|
0-0: Ball 1-0: Ball 2-0: Ball 3-0: Called Strike 3-1: Called Strike 3-2: Fly out, F7 (Flyball, 7D, EV 77.5 MPH)
|
|
Batting: RHB Matt Berrier
|
0-0: Called Strike 0-1: Called Strike 0-2: Foul Ball, location: 2F 0-2: Ball 1-2: Fly out, F9 (Flyball, 9, EV 71.9 MPH)
|
|
Batting: RHB Kevin Popowicz
|
0-0: Swinging Strike 0-1: Ball 1-1: Foul Ball, location: 2F 1-2: SINGLE (Groundball, 56S, EV 63.1 MPH) (infield hit)
|
|
Batting: RHB Maup Gommers
|
0-0: Ball Kevin Popowicz steals 2nd base 1-0: Ball 2-0: Fly out, F4 (Line Drive, 4MD, EV 69.4 MPH)
|
| Bottom of the 4th over - 0 runs, 1 hit, 0 errors, 1 left on base; Everett 2 - Aberdeen 5 |
| TOP OF THE 5TH |
|
Everett AquaSox batting - Pitching for Aberdeen Ironbirds : RHP Fabiano Ceriani
|
|
Batting: RHB James Bickel
|
0-0: Ball 1-0: Called Strike 1-1: Ball 2-1: Swinging Strike 2-2: Foul Ball, location: 2F 2-2: Strikes out swinging
|
|
Batting: RHB Heihachiro Fujita
|
0-0: Ball 1-0: Foul Ball, location: 2F 1-1: Foul Ball, location: 2F 1-2: Foul Ball, location: 2F 1-2: Ground out 5-3 (Groundball, 56S, EV 88.1 MPH)
|
|
Batting: RHB Eddie Luna
|
0-0: Swinging Strike 0-1: Fly out, F9 (Flyball, 9LM, EV 91.9 MPH)
|
| Top of the 5th over - 0 runs, 0 hits, 0 errors, 0 left on base; Everett 2 - Aberdeen 5 |
| BOTTOM OF THE 5TH |
|
Aberdeen Ironbirds batting - Pitching for Everett AquaSox : RHP Aaron Black
|
|
Batting: RHB Jonathan Mendoza
|
0-0: Ground out 5-3 (Groundball, 56S, EV 76.9 MPH)
|
|
Batting: RHB Alfredo Reguera
|
0-0: Ball 1-0: Called Strike 1-1: Called Strike 1-2: Ball 2-2: Ball 3-2: Base on Balls
|
|
Batting: LHB Sam Williams
|
0-0: Called Strike 0-1: Called Strike 0-2: Ball 1-2: Foul Ball, location: 2F 1-2: Ball 2-2: Fly out, F9 (Flyball, 9, EV 90.0 MPH)
|
|
Pitching: RHP Jim Tremel
|
|
|
Batting: LHB Vinny Rivera
|
0-0: Called Strike 0-1: Called Strike Alfredo Reguera steals 2nd base 0-2: Strikes out swinging
|
| Bottom of the 5th over - 0 runs, 0 hits, 0 errors, 1 left on base; Everett 2 - Aberdeen 5 |
| TOP OF THE 6TH |
|
Everett AquaSox batting - Pitching for Aberdeen Ironbirds : RHP Fabiano Ceriani
|
|
Batting: RHB Marco Diaz
|
0-0: Ball 1-0: Called Strike 1-1: SINGLE (Groundball, 56S, EV 64.4 MPH) (infield hit)
|
|
Pitching: RHP Dou-guan Ti
|
|
|
Batting: RHB Matt Fenimore
|
0-0: Ball 1-0: Called Strike 1-1: Foul Ball, location: 2F 1-2: Strikes out swinging
|
|
Batting: RHB Tai Joo
|
0-0: Fielders Choice at 2nd, 6-4 (Groundball, 6MD, EV 81.2 MPH)
|
|
Batting: SHB Tony Morales
|
0-0: Called Strike 0-1: Swinging Strike 0-2: Ground out 4-3 (Groundball, 34, EV 91.9 MPH)
|
| Top of the 6th over - 0 runs, 1 hit, 0 errors, 1 left on base; Everett 2 - Aberdeen 5 |
| BOTTOM OF THE 6TH |
|
Aberdeen Ironbirds batting - Pitching for Everett AquaSox : RHP Jim Tremel
|
|
Batting: RHB Fernando Bravo
|
0-0: Swinging Strike 0-1: Ball 1-1: Ball 2-1: Ball 3-1: Foul Ball, location: 2F 3-2: Ground out 6-3 (Groundball, 6, EV 83.1 MPH)
|
|
Batting: SHB Carlos Carrillo
|
0-0: Ball 1-0: Swinging Strike 1-1: Ball 2-1: Fly out, F9 (Line Drive, 9, EV 91.9 MPH)
|
|
Batting: RHB Matt Berrier
|
0-0: Ball 1-0: Foul Ball, location: 2F 1-1: Foul Ball, location: 2F 1-2: Strikes out swinging
|
| Bottom of the 6th over - 0 runs, 0 hits, 0 errors, 0 left on base; Everett 2 - Aberdeen 5 |
| TOP OF THE 7TH |
|
Everett AquaSox batting - Pitching for Aberdeen Ironbirds : RHP Dou-guan Ti
|
|
Now at 1B: Carlos Teniente
|
|
|
Batting: LHB Ryan Daniels
|
0-0: Called Strike 0-1: Ground out 4-3 (Groundball, 4, EV 99.4 MPH)
|
|
Batting: RHB Jwahir Pili
|
0-0: Fly out, F8 (Flyball, 89M, EV 83.8 MPH)
|
|
Batting: RHB James Bickel
|
0-0: Called Strike 0-1: Called Strike 0-2: Ball 1-2: Strikes out swinging
|
| Top of the 7th over - 0 runs, 0 hits, 0 errors, 0 left on base; Everett 2 - Aberdeen 5 |
| BOTTOM OF THE 7TH |
|
Aberdeen Ironbirds batting - Pitching for Everett AquaSox : RHP Jim Tremel
|
|
Batting: RHB Kevin Popowicz
|
0-0: Called Strike 0-1: Foul Ball, location: 2F 0-2: Ball 1-2: DOUBLE (Line Drive, 78M, EV 108.1 MPH)
|
|
Batting: RHB Maup Gommers
|
0-0: Foul Ball, location: 2F 0-1: Fly out, F8 (Flyball, 8RXD, EV 98.1 MPH) Runner from 2nd tags up, SAFE at 3rd, no throw by CF
|
|
Pitching: LHP Chris Wheeler
|
|
|
Batting: RHB Jonathan Mendoza
|
0-0: Ball 1-0: Ball 2-0: Ball 3-0: DOUBLE (Groundball, 5L, EV 109.4 MPH) Kevin Popowicz scores
|
|
Batting: RHB Alfredo Reguera
|
0-0: Foul Ball, location: 2F 0-1: Ground out 1-3 (Groundball, 34S, EV 71.9 MPH) Jonathan Mendoza to third
|
|
Batting: RHB Carlos Teniente
|
0-0: Ball 1-0: Ground out U3 (Groundball, 3L, EV 96.9 MPH)
|
| Bottom of the 7th over - 1 run, 2 hits, 0 errors, 1 left on base; Everett 2 - Aberdeen 6 |
| TOP OF THE 8TH |
|
Everett AquaSox batting - Pitching for Aberdeen Ironbirds : RHP Dou-guan Ti
|
|
Batting: RHB Heihachiro Fujita
|
0-0: Ball 1-0: Ball 2-0: Called Strike 2-1: Ball 3-1: Ground out 4-3 (Groundball, 4S, EV 78.8 MPH)
|
|
Pinch Hitting: LHB Chris Jackson
|
0-0: Foul Ball, location: 2F 0-1: Ball 1-1: Called Strike 1-2: Strikes out looking
|
|
Batting: RHB Marco Diaz
|
0-0: Called Strike 0-1: Ball 1-1: Ball 2-1: Ball 3-1: Base on Balls
|
|
Batting: RHB Matt Fenimore
|
0-0: Ball 1-0: Foul Ball, location: 2F 1-1: Ground out 4-3 (Groundball, 34, EV 85.6 MPH)
|
| Top of the 8th over - 0 runs, 0 hits, 0 errors, 1 left on base; Everett 2 - Aberdeen 6 |
| BOTTOM OF THE 8TH |
|
Aberdeen Ironbirds batting - Pitching for Everett AquaSox : LHP Chris Wheeler
|
|
Now at SS: Omar Solis
|
|
|
Batting: LHB Vinny Rivera
|
0-0: SINGLE (Groundball, 6D, EV 96.9 MPH)
|
|
Batting: RHB Fernando Bravo
|
0-0: Called Strike 0-1: Called Strike 0-2: Ball 1-2: Ball 2-2: Ground out 4-3 (Groundball, 34, EV 96.9 MPH) Vinny Rivera to second
|
|
Batting: SHB Carlos Carrillo
|
0-0: Ball 1-0: Ball 2-0: Ball Wild Pitch! Vinny Rivera to third 3-0: Base on Balls
|
|
Batting: RHB Matt Berrier
|
0-0: Called Strike 0-1: Swinging Strike 0-2: Ball 1-2: Ball 2-2: Strikes out swinging
|
|
Batting: RHB Kevin Popowicz
|
0-0: Foul Ball, location: 2F 0-1: Foul Ball, location: 2F 0-2: Ball 1-2: Hit by Pitch Carlos Carrillo to second
|
|
Batting: RHB Maup Gommers
|
0-0: Called Strike 0-1: Called Strike 0-2: Ball Wild Pitch! Vinny Rivera scores Carlos Carrillo to third Kevin Popowicz to second 1-2: Ball 2-2: Ball 3-2: Strikes out swinging
|
| Bottom of the 8th over - 1 run, 1 hit, 0 errors, 2 left on base; Everett 2 - Aberdeen 7 |
| TOP OF THE 9TH |
|
Everett AquaSox batting - Pitching for Aberdeen Ironbirds : RHP Dou-guan Ti
|
|
Batting: RHB Tai Joo
|
0-0: Called Strike 0-1: Ground out 4-3 (Groundball, 4, EV 102.5 MPH)
|
|
Batting: SHB Tony Morales
|
0-0: Ball 1-0: Foul Ball, location: 2F 1-1: Ball 2-1: Ball 3-1: Foul Ball, location: 2F 3-2: Base on Balls
|
|
Batting: LHB Ryan Daniels
|
0-0: TRIPLE (Line Drive, 8LXD, EV 104.4 MPH) Tony Morales scores
|
|
Batting: RHB Jwahir Pili
|
0-0: Ball 1-0: DOUBLE (Flyball, 8RD, EV 88.8 MPH) Ryan Daniels scores
|
|
Pitching: LHP Ronnie Pickering
|
|
|
Pinch Runner at 2nd William Gonzales:
|
|
|
Pinch Hitting: RHB Rob Ward
|
0-0: Ball 1-0: Swinging Strike 1-1: DOUBLE (Line Drive, 8LD, EV 103.8 MPH) William Gonzales scores
|
|
Batting: RHB Heihachiro Fujita
|
0-0: Called Strike 0-1: Foul Ball, location: 2F 0-2: Ball 1-2: Ball 2-2: Ball 3-2: Base on Balls
|
|
Pinch Runner at 2nd Doug Carter:
|
|
|
Batting: RHB Omar Solis
|
0-0: Called Strike 0-1: Ball 1-1: Fly out, F7 (Line Drive, 7LM, EV 102.5 MPH)
|
|
Batting: RHB Marco Diaz
|
0-0: Ball 1-0: Called Strike 1-1: Ball 2-1: 3-RUN HOME RUN (Flyball, 89XD, EV 115.0 MPH), Distance : 431 ft
|
|
Batting: RHB Matt Fenimore
|
0-0: Ball 1-0: Ball 2-0: Ball 3-0: Base on Balls
|
|
Batting: RHB Tai Joo
|
0-0: Called Strike 0-1: Called Strike 0-2: Foul Ball, location: 2F 0-2: Fielders Choice at 2nd, 6-4 (Groundball, 6, EV 83.1 MPH)
|
| Top of the 9th over - 6 runs, 4 hits, 0 errors, 1 left on base; Everett 8 - Aberdeen 7 |
| BOTTOM OF THE 9TH |
|
Aberdeen Ironbirds batting - Pitching for Everett AquaSox : LHP Chris Wheeler
|
|
Pitching: RHP Jamie Johnston
|
|
|
Now at 3B: Richie Schraven
|
|
|
Now in CF: William Gonzales
|
|
|
Batting: RHB Jonathan Mendoza
|
0-0: SOLO HOME RUN (Flyball, 9LD, EV 95.6 MPH), Distance : 348 ft
|
|
Pinch Hitting: LHB Pat Fontana
|
0-0: Ball 1-0: Swinging Strike 1-1: Ball 2-1: Swinging Strike 2-2: Foul Ball, location: 2F 2-2: Ground out 5-3 (Groundball, 56, EV 103.8 MPH)
|
|
Batting: RHB Carlos Teniente
|
0-0: Fly out, F9 (Flyball, 9LD, EV 98.8 MPH)
|
|
Batting: LHB Vinny Rivera
|
0-0: Ball 1-0: Ball 2-0: Foul Ball, location: 2F 2-1: Ball 3-1: Base on Balls
|
|
Pinch Hitting: SHB Chris Wright
|
0-0: Called Strike Vinny Rivera steals 2nd base 0-1: Swinging Strike 0-2: Ball Wild Pitch! Vinny Rivera to third 1-2: Strikes out swinging
|
| Bottom of the 9th over - 1 run, 1 hit, 0 errors, 1 left on base; Everett 8 - Aberdeen 8 |
| TOP OF THE 10TH |
|
Everett AquaSox batting - Pitching for Aberdeen Ironbirds : LHP Ronnie Pickering
|
|
Pitching: RHP Nick Hodge
|
|
|
Now at 3B: Chris Wright
|
|
|
Now at SS: Matt Berrier
|
|
|
Now in LF: Pat Fontana
|
|
|
Batting: SHB Tony Morales
|
0-0: Ball 1-0: Foul Ball, location: 2F 1-1: Ball 2-1: Foul Ball, location: 2F 2-2: Foul Ball, location: 2F 2-2: Ball 3-2: Strikes out looking
|
|
Batting: LHB Ryan Daniels
|
0-0: Called Strike 0-1: Called Strike 0-2: Foul Ball, location: 2F 0-2: Ball 1-2: Strikes out swinging
|
|
Batting: LHB William Gonzales
|
0-0: Ball 1-0: Called Strike 1-1: SINGLE (Groundball, 4D, EV 107.5 MPH)
|
|
Batting: RHB Richie Schraven
|
0-0: Called Strike 0-1: Ball Wild Pitch! William Gonzales to second 1-1: Foul Ball, location: 2F 1-2: Foul Ball, location: 2F 1-2: Ball 2-2: Strikes out swinging
|
| Top of the 10th over - 0 runs, 1 hit, 0 errors, 1 left on base; Everett 8 - Aberdeen 8 |
| BOTTOM OF THE 10TH |
|
Aberdeen Ironbirds batting - Pitching for Everett AquaSox : RHP Jamie Johnston
|
|
Batting: SHB Carlos Carrillo
|
0-0: Ball 1-0: Foul Ball, location: 2F 1-1: Swinging Strike 1-2: Ball 2-2: DOUBLE (Line Drive, 7LM, EV 103.8 MPH)
|
|
Batting: RHB Matt Berrier
|
0-0: Ball 1-0: Called Strike 1-1: Ball 2-1: Foul Ball, location: 2F 2-2: Strikes out swinging
|
|
Batting: RHB Kevin Popowicz
|
0-0: Ball 1-0: Called Strike 1-1: Foul Ball, location: 2F 1-2: Strikes out swinging
|
|
Batting: RHB Maup Gommers
|
0-0: Ground out U3 (Groundball, 34, EV 100.6 MPH)
|
| Bottom of the 10th over - 0 runs, 1 hit, 0 errors, 1 left on base; Everett 8 - Aberdeen 8 |
| TOP OF THE 11TH |
|
Everett AquaSox batting - Pitching for Aberdeen Ironbirds : RHP Nick Hodge
|
|
Batting: RHB Heihachiro Fujita
|
0-0: Called Strike 0-1: Ball 1-1: Ball 2-1: Ball 3-1: Swinging Strike 3-2: Strikes out swinging
|
|
Batting: RHB Omar Solis
|
0-0: Ball 1-0: Swinging Strike 1-1: Ball 2-1: Swinging Strike 2-2: Strikes out swinging
|
|
Batting: RHB Marco Diaz
|
0-0: Ball 1-0: Called Strike 1-1: Called Strike 1-2: Ball 2-2: Strikes out looking
|
| Top of the 11th over - 0 runs, 0 hits, 0 errors, 0 left on base; Everett 8 - Aberdeen 8 |
| BOTTOM OF THE 11TH |
|
Aberdeen Ironbirds batting - Pitching for Everett AquaSox : RHP Jamie Johnston
|
|
Batting: RHB Jonathan Mendoza
|
0-0: Foul Ball, location: 2F 0-1: Ball 1-1: Called Strike 1-2: Foul Ball, location: 2F 1-2: Fly out, F8 (Flyball, 89M, EV 86.2 MPH)
|
|
Batting: LHB Pat Fontana
|
0-0: Called Strike 0-1: Ball 1-1: Swinging Strike 1-2: Strikes out swinging
|
|
Batting: RHB Carlos Teniente
|
0-0: Called Strike 0-1: Ball 1-1: Foul Ball, location: 2F 1-2: Strikes out swinging
|
| Bottom of the 11th over - 0 runs, 0 hits, 0 errors, 0 left on base; Everett 8 - Aberdeen 8 |
| TOP OF THE 12TH |
|
Everett AquaSox batting - Pitching for Aberdeen Ironbirds : RHP Nick Hodge
|
|
Pitching: LHP Kyohei Koyama
|
|
|
Batting: RHB Matt Fenimore
|
0-0: Ground out 4-3 (Groundball, 4M, EV 101.2 MPH)
|
|
Batting: RHB Tai Joo
|
0-0: Ball 1-0: Called Strike 1-1: Ground out 6-3 (Groundball, 6, EV 105.0 MPH)
|
|
Batting: SHB Tony Morales
|
0-0: Ball 1-0: Called Strike 1-1: Swinging Strike 1-2: Ball 2-2: Strikes out looking
|
| Top of the 12th over - 0 runs, 0 hits, 0 errors, 0 left on base; Everett 8 - Aberdeen 8 |
| BOTTOM OF THE 12TH |
|
Aberdeen Ironbirds batting - Pitching for Everett AquaSox : RHP Jamie Johnston
|
|
Pitching: RHP Dan Johnson
|
|
|
Batting: LHB Vinny Rivera
|
0-0: Called Strike 0-1: Foul Ball, location: 2F 0-2: TRIPLE (Flyball, 89XD, EV 103.1 MPH)
|
|
Batting: SHB Chris Wright
|
0-0: Ball 1-0: Foul Ball, location: 2F 1-1: Ball 2-1: Ball 3-1: Base on Balls
|
|
Batting: SHB Carlos Carrillo
|
0-0: DOUBLE (Flyball, 7D, EV 103.8 MPH) Vinny Rivera scores
|
| Bottom of the 12th over - 1 run, 2 hits, 0 errors, 2 left on base; Everett 8 - Aberdeen 9 |
|